 Dungeon Crawl Stone Soup version 0.19.1-1-g22dce08 (webtiles) character file.

410 Monsterracer the Digger (level 6, -2/28 HPs)
             Began as a Gargoyle Earth Elementalist on Dec 14, 2016.
             Slain by a phantom (4 damage)
             ... on level 4 of the Dungeon on Jan 7, 2017.
             The game lasted 00:13:47 (2964 turns).

Monsterracer the Digger (GrEE)                      Turns: 2964, Time: 00:13:47

Health: -2/28      AC:  7    Str:  9 (11) XL:     6   Next: 89%
Magic:  0/9        EV: 12    Int: 18 (21) God:
Gold:   152        SH:  0    Dex:  9 (10) Spells: 3 memorised, 0 levels left

rFire  + . .     SeeInvis .     a - +0 mace
rCold  . . .     Gourm    .     c - +0 robe
rNeg   + . .     Faith    .     (no shield)
rPois  ∞         Spirit   .     (no helmet)
rElec  +         Reflect  .     (no cloak)
rCorr  .         Harm     .     g - +0 pair of gloves
MR     +....                    (no boots)
Stlth  ++........               b - amulet of regeneration
                                s - ring of protection from fire
                                o - +3 ring of intelligence

@: very slightly contaminated
A: frail 1, magic resistance 1, mutation resistance 1, negative energy
resistance 1, electricity resistance, unbreathing, petrification resistance, rot
immunity, AC +4
a: no special abilities


You were on level 4 of the Dungeon.
You were very hungry.

You visited 1 branch of the dungeon, and saw 4 of its levels.

You collected 152 gold pieces.

Inventory:

Hand Weapons
 a - a +0 mace (weapon)
Armour
 c - a +0 robe (worn)
 g - a +0 pair of gloves (worn)
Jewellery
 b - an amulet of regeneration (around neck)
 o - a +3 ring of intelligence (left hand)
 s - a ring of protection from fire (right hand)
Scrolls
 f - 4 scrolls of teleportation {unknown}
 h - a scroll of random uselessness {unknown}
 k - 2 scrolls of identify {unknown}
 l - 2 scrolls of recharging {unknown}
 m - a scroll of fear {unknown}
 n - a scroll of remove curse {unknown}
 p - a scroll of immolation {unknown}
 q - a scroll of magic mapping {unknown}
 r - a scroll of enchant weapon {unknown}
Books
 e - a book of Geomancy

   Spells                             Type                      Level
   a - Sandblast                      Earth                        1
   b - Passwall                       Transmutation/Earth          2
   c - Stone Arrow                    Conjuration/Earth            3
   d - Petrify                        Transmutation/Earth          4
   e - Lee's Rapid Deconstruction     Earth                        5
Comestibles
 d - 4 bread rations
 i - a slice of pizza
 j - 4 fruits


   Skills:
 * Level 5.1 Maces & Flails
 - Level 1.5 Dodging
 - Level 2.1 Stealth
 + Level 2.3 Spellcasting
   Level 0.7 Transmutations
 * Level 6.0 Earth Magic


You couldn't memorise any spells.
You knew the following spells:

 Your Spells              Type           Power        Failure   Level  Hunger
a - Sandblast             Erth           ###...       1%          1    #......
b - Stone Arrow           Conj/Erth      ##....       17%         3    ###....
c - Lee's Rapid Deconstr  Erth           ###.......   41%         5    ######.


Dungeon Overview and Level Annotations

Branches:
Dungeon (4/15)
 Temple: D:4-7

Altars:


Innate Abilities, Weirdness & Mutations

You are resistant to torment.
Your stone body is resilient. (AC +4)
You are immune to poison.
You resist negative energy. (rN+)
You are resistant to electric shocks. (rElec)
You can survive without breathing.
You are immune to petrification.
You are immune to rotting.
You are frail. (-10% HP)
You are resistant to hostile enchantments. (MR+)
You are somewhat resistant to further mutation.


Message History

Confirm with . or Enter, or press ? or * to list all spells.
Aiming: Stone Arrow
Press: ? - help, Shift-Dir - straight line, f/p - phantom
Aim: a phantom (almost destroyed)
You miscast Stone Arrow.
You are very lightly contaminated with residual magic.
You are showered with tiny particles of grit.
The phantom hits you.
* * * LOW HITPOINT WARNING * * *
You hit the phantom but do no damage.
The phantom is almost destroyed.
The phantom hits you.
* * * LOW HITPOINT WARNING * * *
The phantom barely misses you.
You aren't carrying any potions.
Okay, then.
You hit the phantom.
The phantom is almost destroyed.
The phantom hits you.
You die...

#..# #(.#
#..# #..#
##..#
#...##
#....###
#......###
###....@W##
###.....#
###...#
##..# #..#
##.# #.#
###


You could see a phantom.

Vanquished Creatures
  Grinder (D:3)
  A howler monkey (D:4)
  A hound (D:4)
  A worker ant (D:4)
  4 adders
  A worm (D:2)
  2 dart slugs (D:2)
  2 leopard geckos
  3 orcs
  A giant cockroach (D:1)
  9 goblins
  10 hobgoblins
  8 jackals
  9 kobolds
  A quokka (D:4)
  8 bats
  6 frilled lizards
  3 rats
71 creatures vanquished.

Notes
Turn   | Place    | Note
-------+----------+-------------------------------------------
     0 | D:1      | Monsterracer the Gargoyle Earth Elementalist began the quest for the Orb.
     0 | D:1      | Reached XP level 1. HP: 10/10 MP: 3/3
   371 | D:1      | Reached skill level 4 in Earth Magic
   371 | D:1      | Reached XP level 2. HP: 15/15 MP: 3/5
   433 | D:1      | Reached skill level 1 in Maces & Flails
   520 | D:1      | Gained mutation: You are frail. (-10% HP) [potion of mutation]
   520 | D:1      | Gained mutation: You are resistant to hostile enchantments. (MR+) [potion of mutation]
   520 | D:1      | Gained mutation: You are somewhat resistant to further mutation. [potion of mutation]
   827 | D:1      | Reached XP level 3. HP: 17/17 MP: 4/6
  1110 | D:2      | Upgraded the game from 0.19.1 to 0.19.1-1-g22dce08
  1128 | D:2      | Learned a level 3 spell: Stone Arrow
  1666 | D:3      | Reached XP level 4. HP: 21/21 MP: 7/7
  2137 | D:3      | Noticed Grinder
  2157 | D:3      | Killed Grinder
  2157 | D:3      | Reached skill level 5 in Earth Magic
  2157 | D:3      | Reached XP level 5. HP: 17/25 MP: 0/8
  2157 | D:3      | Reached XP level 6. HP: 19/28 MP: 0/9
  2323 | D:3      | Learned a level 5 spell: Lee's Rapid Deconstruction
  2664 | D:4      | Reached skill level 5 in Maces & Flails
  2857 | D:4      | Reached skill level 6 in Earth Magic
  2903 | D:4      | Noticed a phantom
  2963 | D:4      | HP: 1/28 [phantom (4)]
  2964 | D:4      | Slain by a phantom

Skill      XL: |  1  2  3  4  5  6 |
---------------+-------------------+-----
Earth Magic    | 4 5 6 |  6.0
Maces & Flails | 1 2 4 5 |  5.1
Dodging        | |  1.5
Stealth        | |  2.1
Spellcasting   | |  2.3
Transmutations | |  0.7

Action                   |  1- 3 |  4- 6 || total
-------------------------+-------+-------++-------
Melee: Unarmed           |    21 |       ||    21
       Mace              |    57 |   142 ||   199
 Cast: Sandblast         |    36 |     3 ||    39
       Stone Arrow       |       |    13 ||    13
  Use: Potion            |     2 |     1 ||     3
 Stab: Sleeping          |       |     3 ||     3
  Eat: Chunk             |     3 |     5 ||     8
Armor: Robe              |    69 |    41 ||   110
Dodge: Dodged            |   117 |    91 ||   208
